cohdb
Replays
Latest Replays
All Replays
Popular Replays
Top Player Replays
Match Explorer
How It Works
Community
CoH3 Stats
Reddit
Sign in to upload your games and track your stats! →
Sign in with Steam
Match 45348679
Unlisted
Match 45348679
Overview
Messages
Build Orders
End
Pioneer Squad
Construct Infanterie Kompanie
Grenadier Squad
Grenadier Squad
Grenadier Squad
Medical Station
Construct Luftwaffe Kompanie
Selects Breakthrough Battlegroup
Selects Assault Grenadiers
Selects Rapid Production
221 Scout Car
Flak 30 Anti-aircraft Gun Team
Jäger Squad
Jäger Squad
Support Elements
Selects Breakthrough
Selects Mechanized Assault Group
Mechanized Assault Group
Marder III M Tank Destroyer
Selects Blitzkrieg
MG 42 Bunker
MG 42 Bunker
Marder III M Tank Destroyer
Selects Tiger Heavy Tank
Tiger Heavy Tank
Pioneer Squad
Ra11
Stormless
Penetron2000
Markov666
0
0
Comments
sign in to comment!
No comments posted yet!